 Dungeon Crawl Stone Soup version 0.26-a0-958-gf3041fb45f (webtiles) character file.

Game seed: 1559005496020140125

538 miscthings the Grave Robber (level 7, 0/46 HPs)
             Began as a Mummy Necromancer on Dec 1, 2020.
             Was an Initiate of Gozag.
             Slain by a bullfrog zombie (1 damage)
             ... on level 6 of the Dungeon on Dec 2, 2020.
             The game lasted 00:06:11 (2967 turns).

miscthings the Grave Robber (Mummy Necromancer)     Turns: 2967, Time: 00:06:12

Health: 0/46       AC:  3    Str: 12    XL:     7   Next: 5%
Magic:  5/14       EV: 12    Int: 16    God:    Gozag
Gold:   195        SH:  0    Dex: 12    Spells: 11/16 levels left

rFire    x . .     SeeInvis .   c - +2 dagger (speed)
rCold    + . .     Faith    .   (no shield)
rNeg     + + +     Spirit   .   j - +0 robe {Archmagi}
rPois    ∞         Reflect  .   b - +0 helmet
rElec    .         Harm     .   (no cloak)
rCorr    .         Rampage  .   (no gloves)
MR       .....                  (no boots)
Stlth    ++........             (no amulet)
HPRegen  0.15/turn              (no ring)
MPRegen  0.14/turn              (no ring)

@: no status effects
A: no potions, fire vulnerability, cold resistance 1, negative energy resistance
3, torment resistance, unbreathing
a: Potion Petition, Call Merchant, Bribe Branch, Renounce Religion


You were on level 6 of the Dungeon.
You worshipped Gozag.
Gozag was aware of your devotion.
You visited 1 branch of the dungeon, and saw 5 of its levels.

You collected 240 gold pieces.
You paid 45 gold pieces to Gozag.

Inventory:

Hand Weapons
 c - a +2 dagger of speed (weapon)
Armour
 b - a +0 helmet (worn)
 g - a +0 buckler
 j - a +0 robe of the Archmagi (worn)
Jewellery
 k - an uncursed ring of fire
Wands
 a - a wand of iceblast (6)
Scrolls
 d - 2 scrolls of fear
 e - 5 scrolls of remove curse
 h - a scroll of blinking
 i - a scroll of identify {@r1}


   Skills:
 - Level 1.5 Dodging
 - Level 1.5 Stealth
 - Level 5.0 Spellcasting
 + Level 7.7 Necromancy


You had 11 spell levels left.
You knew the following spells:

 Your Spells              Type           Power        Failure   Level
a - Pain                  Necr           ####         1%          1
d - Animate Dead          Necr           #####.....   6%          4

Your spell library contained the following spells:

 Spells                   Type           Power        Failure   Level
 Animate Skeleton         Necr           #####.       1%          1
 Vampiric Draining        Necr           #####.....   1%          3
 Agony                    Necr           #####...     17%         5


Dungeon Overview and Level Annotations

Branches:
Dungeon (4/15)
 Temple: D:4-7

Altars:
Ashenzari
Cheibriados
Dithmenos
Gozag
Kikubaaqudgha
Makhleb
Nemelex Xobeh
Qazlal
Uskayaw
Zin
The Shining One


Innate Abilities, Weirdness & Mutations

You do not drink.
Your flesh is vulnerable to fire.
You are immune to poison.
Your flesh is cold resistant. (rC+)
You are immune to negative energy. (rN+++)
You are immune to unholy pain and torment.
You can survive without breathing.


Message History

You barely miss the bullfrog zombie. You hit the bullfrog zombie.
The bullfrog zombie is lightly damaged.
The bullfrog zombie closely misses you.
Casting: Pain (safe; 1% risk of failure)
Confirm with . or Enter, or press ? or * to list all spells.
You can't see any susceptible monsters within range! (Use Z to cast anyway.)
You closely miss the bullfrog zombie.
The bullfrog zombie is lightly damaged.
The bullfrog zombie hits you!
* * * LOW HITPOINT WARNING * * *
You hit the bullfrog zombie.
The bullfrog zombie is lightly damaged.
The bullfrog zombie hits you.
* * * LOW HITPOINT WARNING * * *
You hit the bullfrog zombie.
The bullfrog zombie is moderately damaged.
The bullfrog zombie hits you.
You die...
Your body crumbles into a pile of gold.

#####
###############.#.#
#....Z@).?.)))..#.#
#.#############.#.#
# ..........#
#######.#.# #.#.#
..#.# #..#.# #..#.#
#..#..


You could see a bullfrog zombie.

Vanquished Creatures
  Prince Ribbit (D:6)
  3 orc wizards (D:6)
  Ijyb (D:3)
  Terence (D:2)
  Natasha (thrice) (D:3)
  6 adders
  4 worms
  A dart slug (D:2)
  3 orcs
  9 bats
  3 giant cockroaches (D:2)
  9 goblins
  2 hobgoblins
  11 kobolds
  2 ball pythons (D:1)
  9 frilled lizards
  5 rats
73 creatures vanquished.

Notes
Turn   | Place    | Note
-------+----------+-------------------------------------------
     0 | D:1      | miscthings the Mummy Necromancer began the quest for the
                  | Orb.
     0 | D:1      | Reached XP level 1. HP: 13/13 MP: 4/4
   161 | D:1      | Reached XP level 2. HP: 12/19 MP: 1/5
   986 | D:2      | Reached XP level 3. HP: 24/24 MP: 4/7
  1171 | D:2      | Noticed Terence
  1197 | D:2      | Killed Terence
  1198 | D:2      | Reached skill level 5 in Necromancy
  1198 | D:2      | Reached XP level 4. HP: 19/30 MP: 2/10
  1427 | D:2      | Found a shadowy altar of Dithmenos.
  1764 | D:3      | Found a broken altar of Ashenzari.
  1800 | D:3      | Learned a level 4 spell: Animate Dead
  2066 | D:3      | Noticed Ijyb
  2071 | D:3      | Killed Ijyb
  2072 | D:3      | Reached XP level 5. HP: 35/35 MP: 8/12
  2278 | D:3      | Found an opulent altar of Gozag.
  2280 | D:3      | Found a snail-covered altar of Cheibriados.
  2280 | D:3      | Found a burning altar of Makhleb.
  2280 | D:3      | Found an ancient bone altar of Kikubaaqudgha.
  2280 | D:3      | Found a glowing golden altar of the Shining One.
  2283 | D:3      | Became a worshipper of Gozag Ym Sagoz the Greedy
  2285 | D:3      | Found a hide-covered altar of Uskayaw.
  2287 | D:3      | Found a sparkling altar of Nemelex Xobeh.
  2289 | D:3      | Found a stormy altar of Qazlal.
  2290 | D:3      | Found a glowing silver altar of Zin.
  2424 | D:3      | Noticed Natasha
  2427 | D:3      | Killed Natasha
  2428 | D:3      | Reached skill level 5 in Spellcasting
  2541 | D:3      | Found a broken altar of Ashenzari.
  2643 | D:3      | Noticed Natasha
  2648 | D:3      | Killed Natasha
  2649 | D:3      | Reached skill level 6 in Necromancy
  2731 | D:3      | Noticed Natasha
  2738 | D:3      | Killed Natasha
  2851 | D:4      | You fall into a shaft and drop 2 floors!
  2852 | D:6      | Noticed Prince Ribbit
  2865 | D:6      | Killed Prince Ribbit
  2866 | D:6      | Reached skill level 7 in Necromancy
  2866 | D:6      | Reached XP level 6. HP: 25/41 MP: 3/13
  2920 | D:6      | Reached XP level 7. HP: 6/46 MP: 1/14
  2966 | D:6      | HP: 1/46 [bullfrog zombie (5)]
  2967 | D:6      | Slain by a bullfrog zombie

Illustrated notes

Levels and vault maps discovered:
D:1:      wander_arrival_fairy_ring, layout_basic
D:2:      layout_loops_ring, marbit_many_paths, uniq_terence
D:3:      layout_loops_ring, minitemple, lemuel_crystal_altar, uniq_ijyb,
          uniq_natasha
D:4:      minmay_recursive_quarters, layout_basic, gup_sewer_entry_bubbles,
          serial_forest, infiniplex_forest_lined_2,
          infiniplex_forest_clump_small, infiniplex_forest_zigzag_2,
          infiniplex_forest_straight_4, infiniplex_forest_diagonal,
          infiniplex_forest_pool, infiniplex_forest_straight_1,
          nicolae_ru_the_path_less_chosen, uniq_crazy_yiuf_cottage, uniq_pikel,
          uniq_edmund, uniq_menkaure, uniq_eustachio
D:6:      kennysheep_orc_sif_temple, layout_basic, tgw_fedhas, uniq_duvessa,
          uniq_prince_ribbit1

Skill      XL: |  1  2  3  4  5 |
---------------+----------------+-----
Spellcasting   | 3 4 5 |  5.0
Necromancy     | 5 7 |  7.7
Dodging        | |  1.5
Stealth        | |  1.5

Action                   |  1- 3 |  4- 6 |  7- 9 || total
-------------------------+-------+-------+-------++-------
Melee: Dagger            |    17 |    38 |     6 ||    61
 Cast: Pain              |    55 |    91 |     2 ||   148
       Animate Dead      |       |     1 |       ||     1
Evoke: Wand              |       |     1 |       ||     1
  Use: Scroll            |       |       |     4 ||     4
 Stab: Sleeping          |       |     3 |       ||     3
Armor: Robe              |     4 |     2 |       ||     6
Dodge: Dodged            |    16 |    18 |     2 ||    36

Table legend: (Time is in decaauts)
 A = Elapsed time spent in this place.
 B = Non-inter-level travel time spent in this place.
 C = Inter-level travel time spent in this place.
 D = Time resting spent in this place.
 E = Time spent auto-exploring this place.
 F = Levels seen in this place.
 G = Mean time per level.
                   A        B        C        D        E       F      G
               +--------+--------+--------+--------+--------+-----+--------+
         Total |   2950 |   2849 |    101 |    297 |   1998 |   5 |  590.0 |
       Dungeon |   2950 |   2849 |    101 |    297 |   1998 |   5 |  590.0 |
               +--------+--------+--------+--------+--------+-----+--------+

Top non-repeatable levels by time:
     D:3: 1089 daAuts
     D:1: 918 daAuts
     D:2: 834 daAuts
     D:6: 107 daAuts
     D:4: 0 daAuts
